 Dungeon Crawl Stone Soup version 0.25.0-46-gbd7b0854d2 (webtiles) character file.

Game seed: 2336529402443479182

32551 funkygono the Blocker (level 13, -10/110 HPs)
             Began as a Minotaur Fighter on July 18, 2020.
             Was a High Priest of Makhleb.
             Hit by a javelin thrown by a minotaur (12 damage)
             ... in a Gauntlet.
             The game lasted 00:52:40 (12105 turns).

funkygono the Blocker (Minotaur Fighter)           Turns: 12105, Time: 00:52:41

Health: -10/110    AC: 19    Str: 26    XL:     13   Next: 32%
Magic:  20/20      EV:  7    Int: 11    God:    Makhleb [*****.]
Gold:   1000       SH: 23    Dex: 12    Spells: 12/12 levels left

rFire    . . .     SeeInvis .   R - +6 flail "Ystrau Hugyj" {protect, +Inv rC- Str+2}
rCold    x . .     Gourm    .   r - +3 tower shield
rNeg     . . .     Faith    .   b - +0 plate armour
rPois    .         Spirit   .   (helmet restricted)
rElec    .         Reflect  .   W - scarf {+Inv}
rCorr    .         Harm     .   E - +0 pair of gloves
MR       .....     NoTele   +   T - +2 pair of boots {run}
Stlth    ..........             m - amulet of regeneration
HPRegen  0.68/turn              c - +6 ring of intelligence
MPRegen  0.17/turn              y - ring of stealth

@: lethally poisoned (-10 -> -12), berserk cooldown, slowed, very slow
A: retaliatory headbutt, horns 2
a: Minor Destruction, Lesser Servant of Makhleb, Major Destruction, Greater
Servant of Makhleb, Renounce Religion, Evoke Invisibility


You were in a Gauntlet.
You worshipped Makhleb.
Makhleb was extremely pleased with you.
You were not hungry.

You visited 3 branches of the dungeon, and saw 14 of its levels.
You also visited: Gauntlet and Volcano.

You collected 1000 gold pieces.

Inventory:

Hand Weapons
 o - a +2 great sword of flaming
 z - a +3 whip of electrocution
 F - a +1 quarterstaff of flaming
 R - the +6 flail "Ystrau Hugyj" (weapon) {protect, +Inv rC- Str+2}
   (You found it on level 3 of the Lair of Beasts)

   It grants its wielder temporary protection when it strikes (+7 to AC).
   It affects your strength (+2).
   It makes you vulnerable to cold.
   It lets you turn invisible.
 V - the +9 halberd "Yryqown" {freeze, rElec SInv, unknown}
   (You found it in a Gauntlet)

   It has been specially enchanted to freeze those struck by it, causing extra
   injury to most foes and up to half again as much damage against particularly
   susceptible opponents.
   It can also slow down cold-blooded creatures.
   It insulates you from electricity.
   It lets you see invisible.
Missiles
 i - 87 sling bullets
 j - 390 stones (quivered)
 G - 98 bolts
Armour
 b - a +0 plate armour (worn)
 r - a +3 tower shield (worn)
 t - +0 steam dragon scales
 w - a +0 chain mail of fire resistance
 E - a +0 pair of gloves (worn)
 I - +0 fire dragon scales
 T - a +2 pair of boots of running (worn)
 W - a scarf of invisibility (worn)
Jewellery
 c - a +6 ring of intelligence (left hand)
 k - an uncursed ring of ice
 m - an amulet of regeneration (around neck)
 y - a ring of stealth (right hand)
Wands
 s - a wand of paralysis (3)
 C - a wand of polymorph (10)
 H - a wand of flame (6)
Scrolls
 a - 2 scrolls of remove curse
 u - 6 scrolls of teleportation
 B - a scroll of magic mapping
 N - a scroll of fog
 S - a scroll of blinking
Potions
 e - 4 potions of brilliance
 h - 4 potions of magic
 l - 4 potions of flight
 n - 3 potions of haste
 p - a potion of ambrosia
 q - 2 potions of stabbing
 v - 3 potions of berserk rage
 x - 5 potions of lignification
 A - a potion of mutation {unknown}
 D - a potion of experience {unknown}
 J - a potion of resistance
 K - a potion of might
 M - a potion of invisibility
Miscellaneous
 L - a lightning rod (4/4)
Comestibles
 f - 31 rations
 P - 10 chunks of flesh


   Skills:
 + Level 8.8 Fighting
 + Level 12.0 Maces & Flails
 + Level 10.8 Armour
 + Level 4.5 Dodging
 + Level 2.1 Stealth
 + Level 14.3 Shields
 * Level 10.9 Invocations
 + Level 4.4 Evocations


You had 12 spell levels left.
You didn't know any spells.
Your spell library contained the following spells:

 Spells                   Type           Power        Failure   Level  Hunger
 Corona                   Hex            #......      100%        1    ##.....
 Summon Butterflies       Summ           #.......     100%        1    ##.....
 Slow                     Hex            #.......     100%        2    ###....
 Call Canine Familiar     Summ           #.......     100%        3    ####...
 Inner Flame              Hex/Fire       #.......     100%        3    ####...
 Portal Projectile        Hex/Tloc       #.....       100%        3    ####...
 Cause Fear               Hex            #.........   100%        4    #####..
 Leda's Liquefaction      Hex/Erth       #.........   100%        4    #####..
 Summon Ice Beast         Ice/Summ       #.......     100%        4    #####..
 Summon Mana Viper        Hex/Summ       #.......     100%        5    ######.
 Summon Hydra             Summ           #.........   100%        7    #######


Dungeon Overview and Level Annotations

Branches:
Dungeon (9/15)             Temple (1/1) D:4            Lair (4/6) D:9
  Swamp (0/4) Lair:3       Spider (0/4) Lair:3      Volcano (visited)
Gauntlet (1/1)
    Orc: D:9-12

Altars:
Ashenzari
Cheibriados
Dithmenos
Elyvilon
Fedhas
Gozag
Hepliaklqana
Kikubaaqudgha
Makhleb
Nemelex Xobeh
Okawaru
Qazlal
Ru
Sif Muna
Trog
Uskayaw
Vehumet
Wu Jian
Xom
Yredelemnul
Zin
The Shining One

Shops:
D:4 %   D:7 }   D:8 *

Annotations:
D:9 3 runed translucent doors, billymom2's ghost, novice DrTm Gauntlet 6 transporters


Innate Abilities, Weirdness & Mutations

You reflexively headbutt those who attack you in melee.
You have a pair of horns on your head.


Message History

You feel sick.
The minotaur throws a javelin.
The javelin pierces through you.
* * * LOW HITPOINT WARNING * * *
You feel sick.
You bump into the stone wall.
You feel your anger nearly subside.
You feel sick.
The minotaur hits you but does no damage.
The minotaur gores you but does no damage.
You are no longer berserk.
You are exhausted.
You feel yourself slow down.
You feel sick.
You feel less invigorated.
You feel less confused.
You feel sick.
The minotaur throws a javelin.
The javelin barely misses you.
The minotaur throws a javelin.
The javelin pierces through you!!
* * * LOW HITPOINT WARNING * * *
You see here 3 javelins.
* * * LOW HITPOINT WARNING * * *
You feel sick.
The minotaur throws a javelin.
The javelin pierces through you!
You die...

.#########..#©...# # ###
..........∩.#....# .#8.8/
............#....###.'..
##########..#©...#...#
.........#..#....#.# #####
.##...##.#..###..#.#.....#
.#.#.#.#.#..≈##..H(.....8#
..##.##..#..###(.###.##.##
..#.©.#.§#..≈##.@.......
..##.##.[#.§###(.#######
.#.#.#.#[#.§§#####
.##...##[#.§##
.........#..§#
##########..##
............≈#
............##
≈#≈#≈#≈#≈#≈##


You could see a minotaur.

Vanquished Creatures
  A fire dragon (Volcano)
  4 hydras
  7 two-headed ogres
  A catoblepas (Lair:4)
  Urug (Lair:3)
  A thrashing horror (Gauntlet)
  A necromancer (Lair:3)
  Pikel (D:6)
  3 salamanders (Volcano)
  6 elephants (Gauntlet)
  A black mamba (Lair:4)
  2 spiny frogs
  A torpor snail (Gauntlet)
  A queen bee (D:9)
  Prince Ribbit (D:8)
  8 blink frogs
  A tyrant leech (Lair:3)
  3 hippogriffs
  A raiju (Gauntlet)
  16 yaks
  3 wyverns
  4 fire bats (Volcano)
  4 steam dragons
  8 water moccasins
  9 porcupines
  An ice beast (D:7)
  2 necrophages
  A phantom (D:9)
  3 black bears
  3 sky beasts
  A slave (D:6)
  3 elephant zombies (Lair:3)
  5 wolves (Lair:1)
  The ghost of Jaiteiro the Slasher, an amateur DsBe of Trog (D:3)
  8 ogres
  14 crocodiles
  9 bullfrogs
  Blork the orc (D:5)
  A gnoll sergeant (D:5)
  A wyvern zombie (D:8)
  4 small abominations (Gauntlet)
  3 scorpions
  55 killer bees
  3 wights (D:8)
  10 electric eels
  A howler monkey (D:9)
  2 crimson imps
  A bullfrog zombie (D:6)
  2 jellies
  A basilisk zombie (Lair:3)
  5 hounds
  3 orc priests
  5 orc wizards
  Jessica (D:2)
  4 iguanas
  7 worker ants
  A crocodile zombie (Lair:3)
  A hound zombie (D:7)
  A hound skeleton (D:9)
  A worker ant zombie (D:8)
  10 gnolls
  8 adders
  A shadow imp (D:8)
  An ooze (D:1)
  An adder skeleton (D:9)
  A worm (D:3)
  2 dart slugs
  5 leopard geckos
  26 orcs
  5 bats
  5 giant cockroaches
  5 goblins
  7 hobgoblins
  5 jackals
  6 quokkas
  2 ball pythons
  5 frilled lizards
  A jackal zombie (D:9)
  4 kobolds
  11 rats
  A fungus (Gauntlet)
  A plant (D:6)
367 creatures vanquished.

Vanquished Creatures (collateral kills)
  A spiny frog (Lair:4)
  2 komodo dragons
  A queen bee (D:8)
  A yak (Lair:3)
  A hound (D:6)
6 creatures vanquished.

Vanquished Creatures (others)
  A steam dragon (Volcano)
  A bullfrog (D:6)
  2 killer bees (D:8)
  A crimson imp (D:6)
  2 orc priests (D:6)
  An orc wizard (D:6)
  An iguana (D:6)
  An adder skeleton (D:4)
  3 orcs
  4 fungi
  28 plants
  4 toadstools (Lair:4)
  A withered plant (D:9)
50 creatures vanquished.

Grand Total: 423 creatures vanquished

Notes
Turn   | Place    | Note
-------+----------+-------------------------------------------
     0 | D:1      | funkygono the Minotaur Fighter began the quest for the Orb.
     0 | D:1      | Reached XP level 1. HP: 19/19 MP: 0/0
   208 | D:1      | Reached XP level 2. HP: 27/27 MP: 1/1
   218 | D:1      | Reached skill level 4 in Shields
   598 | D:1      | Reached XP level 3. HP: 33/33 MP: 2/2
   967 | D:2      | Noticed Jessica
   975 | D:2      | Killed Jessica
   975 | D:2      | Reached XP level 4. HP: 14/40 MP: 3/3
  1606 | D:3      | Found an ornate altar of the Wu Jian Council.
  1852 | D:3      | Found a runed translucent door.
  1852 | D:3      | Noticed Jaiteiro's ghost (amateur DsBe)
  1874 | D:3      | Killed Jaiteiro's ghost
  1874 | D:3      | Reached XP level 5. HP: 13/47 MP: 4/4
  1976 | D:3      | Reached skill level 5 in Shields
  2239 | D:4      | Reached skill level 5 in Armour
  2239 | D:4      | Reached XP level 6. HP: 43/53 MP: 5/5
  2387 | D:4      | Reached skill level 5 in Maces & Flails
  2387 | D:4      | Reached skill level 1 in Dodging
  2444 | D:4      | Reached skill level 6 in Shields
  2461 | D:4      | Found a blossoming altar of Fedhas.
  2462 | D:4      | Found a shattered altar of Ashenzari.
  2463 | D:4      | Found a shadowy altar of Dithmenos.
  2513 | D:4      | Reached XP level 7. HP: 39/60 MP: 6/6
  2633 | D:4      | Found Ypolagi's Food Shop.
  2682 | D:4      | Found a staircase to the Ecumenical Temple.
  2889 | Temple   | Entered the Ecumenical Temple
  2951 | Temple   | Became a worshipper of Makhleb the Destroyer
  3111 | D:5      | Entered Level 5 of the Dungeon
  3143 | D:5      | Reached skill level 1 in Evocations
  3404 | D:5      | Noticed Blork the orc
  3433 | D:5      | Killed Blork the orc
  3938 | D:5      | Reached skill level 5 in Fighting
  3994 | D:6      | Reached skill level 7 in Shields
  3994 | D:6      | Reached XP level 8. HP: 67/68 MP: 8/8
  4023 | D:6      | Noticed Pikel
  4037 | D:6      | Killed Pikel
  4229 | D:6      | Reached * piety under Makhleb
  4661 | D:6      | Reached skill level 8 in Shields
  4661 | D:6      | Reached XP level 9. HP: 75/75 MP: 10/10
  5077 | D:7      | Reached skill level 9 in Shields
  5119 | D:7      | Found Negrein's Gadget Shoppe.
  5157 | D:7      | Found a basalt altar of Yredelemnul.
  5183 | D:7      | Reached ** piety under Makhleb
  5579 | D:7      | Found a shimmering altar of Xom.
  5734 | D:8      | Noticed Prince Ribbit
  5743 | D:8      | Killed Prince Ribbit
  5749 | D:8      | Reached skill level 10 in Shields
  5918 | D:8      | Found Vulyg's Assorted Antiques.
  5949 | D:8      | Reached skill level 1 in Invocations
  5983 | D:8      | Reached XP level 10. HP: 84/84 MP: 11/11
  6072 | D:8      | Reached *** piety under Makhleb
  6279 | D:8      | Noticed a two-headed ogre
  6285 | D:8      | Killed a two-headed ogre
  6285 | D:8      | Reached skill level 11 in Shields
  6651 | D:9      | Reached **** piety under Makhleb
  6762 | D:9      | Reached skill level 10 in Maces & Flails
  6777 | D:9      | Found an ancient bone altar of Kikubaaqudgha.
  6861 | D:9      | Reached skill level 5 in Invocations
  6861 | D:9      | Reached XP level 11. HP: 92/92 MP: 13/13
  7042 | D:9      | Found a staircase to the Lair.
  7079 | D:9      | Found a runed translucent gate.
  7080 | D:9      | Found a runed translucent gate.
  7081 | D:9      | Found a runed translucent gate.
  7083 | D:9      | Noticed billymom2's ghost (novice DrTm)
  7364 | Lair:1   | Entered Level 1 of the Lair of Beasts
  7381 | Lair:1   | Reached skill level 12 in Shields
  8335 | Lair:2   | Found a dark tunnel.
  8348 | Volcano  | Entered a volcano
  8349 | Volcano  | Noticed a two-headed ogre
  8350 | Volcano  | Noticed a two-headed ogre
  8367 | Volcano  | Killed a two-headed ogre
  8375 | Volcano  | Killed a two-headed ogre
  8483 | Volcano  | Noticed a two-headed ogre
  8506 | Volcano  | Killed a two-headed ogre
  8578 | Volcano  | Noticed a two-headed ogre
  8600 | Volcano  | Killed a two-headed ogre
  8668 | Volcano  | Reached skill level 1 in Stealth
  8668 | Volcano  | Reached XP level 12. HP: 85/101 MP: 17/17
  8761 | Volcano  | Noticed a two-headed ogre
  8766 | Volcano  | Noticed a two-headed ogre
  8770 | Volcano  | Killed a two-headed ogre
  8776 | Volcano  | Killed a two-headed ogre
  8810 | Volcano  | Reached ***** piety under Makhleb
  8882 | Volcano  | Noticed a fire dragon
  8903 | Volcano  | Killed a fire dragon
  9513 | Lair:2   | Noticed an eight-headed hydra
  9527 | Lair:2   | Killed an eight-headed hydra
  9527 | Lair:2   | Reached skill level 13 in Shields
  9657 | Lair:2   | Reached skill level 10 in Invocations
 10045 | Lair:3   | Reached skill level 10 in Armour
 10346 | Lair:3   | Noticed a six-headed hydra
 10370 | Lair:3   | Killed a six-headed hydra
 10464 | Lair:3   | Noticed Urug
 10483 | Lair:3   | Killed Urug
 10613 | Lair:3   | Got a fine flail
 10614 | Lair:3   | Identified the +6 flail "Ystrau Hugyj" {protect, +Inv rC-
                  | Str+2} (You found it on level 3 of the Lair of Beasts)
 10663 | Lair:3   | Found a hole to the Spider Nest.
 11093 | Lair:3   | Noticed a four-headed hydra
 11100 | Lair:3   | Killed a four-headed hydra
 11108 | Lair:3   | Noticed a five-headed hydra
 11127 | Lair:3   | Killed a five-headed hydra
 11127 | Lair:3   | Reached XP level 13. HP: 108/108 MP: 19/19
 11129 | Lair:3   | Found a staircase to the Swamp.
 11291 | Lair:4   | Reached skill level 14 in Shields
 11460 | Lair:4   | Found a gate leading to a gauntlet.
 11475 | Gauntlet | Entered a Gauntlet
 11475 | Gauntlet | Found a transporter.
 11475 | Gauntlet | Found a transporter.
 11475 | Gauntlet | Found a transporter.
 11476 | Gauntlet | Found a transporter.
 11477 | Gauntlet | Found a transporter.
 11480 | Gauntlet | Found a transporter.
 11487 | Gauntlet | Found a transporter.
 11488 | Gauntlet | Found a transporter.
 11489 | Gauntlet | Found a transporter.
 11491 | Gauntlet | Found a transporter.
 11499 | Gauntlet | Found a transporter.
 11499 | Gauntlet | Found a transporter.
 11879 | Gauntlet | Identified a +2 pair of boots of running (You found it in a
                  | Gauntlet)
 12043 | Gauntlet | Got a transparent halberd
 12081 | Gauntlet | Noticed a minotaur
 12104 | Gauntlet | HP: 2/110 [minotaur/javelin (21)]
 12105 | Gauntlet | Hit by a javelin thrown by a minotaur

Illustrated notes

Levels and vault maps discovered:
D:1:      wander_arrival_chamber, layout_loops_ring, minmay_hexomino_p4
D:2:      layout_basic, uniq_jessica
D:3:      layout_basic, overflow_temple_1_default, gammafunk_ghost_grave
D:4:      layout_rooms, chequers_temple_overflow_statue_of_worship,
          minmay_temple_entry_hall, serial_shops, nicolae_shop_stone,
          first_ration
D:5:      layout_cave_pods, glass_columns_a, uniq_blork_the_orc
D:6:      cheibrodos_two_vegetables, layout_cave_pools, minmay_misc_feat_iff,
          kennysheep_small_circle, uniq_pikel
D:7:      layout_basic, old_standard_altar, serial_shops,
          nicolae_shop_competitors_out_of_business, basic_altar
D:8:      layout_rooms, serial_shops, nicolae_shop_stone, david_nohive_1,
          chequers_serial_rivers_marsh, uniq_prince_ribbit1
D:9:      layout_roguey [special_room_bee], kiku_gazebo_garden_becter,
          lair_entry_dummy, gammafunk_ghost_split
Temple:   eino_temple_scatter_basement
Lair:1:   layout_loops_ring, minivault_25, grunt_megastairs_3
Lair:2:   layout_regular_city, serial_rivers, chequers_serial_rivers_micro_a,
          chequers_serial_rivers_small_b, chequers_serial_rivers_marsh,
          chequers_serial_rivers_small_3, nicolae_volcano_entry_lava_flow
Lair:3:   pond_and_an_island_with_a_cottage, layout_chaotic_city,
          palyth_hydra_swamp_entry, spider_nest_entry_web_field, uniq_urug
Lair:4:   gammafunk_lair_enchanted_lake, layout_regular_city,
          gauntlet_entry_generic, patterned_corridor, grunt_megastairs_1,
          lemuel_fruit_fields, infiniplex_staircase_pool
Gauntlet: minmay_gauntlet_mixed_big_or_small [gammafunk_gauntlet_arena_hedges,
          minmay_gauntlet_arena_77_broken_ladder, nicolae_gauntlet_arena_x,
          minmay_gauntlet_arena_77_braids, gammafunk_gauntlet_arena_corners,
          minmay_gauntlet_arena_77_squiggly,
          nicolae_gauntlet_exit_dead_adventurers]

Skill      XL: |  1  2  3  4  5  6  7  8  9 10 11 12 13 |
---------------+----------------------------------------+-----
Shields        | 4 5 6 7 8 10 11 12 13 14 | 14.3
Fighting       | 4 5 6 7 8 |  8.8
Armour         | 4 5 7 8 9 10 | 10.8
Maces & Flails | 3 4 5 6 7 8 10 11 12 | 12.0
Dodging        | 1 2 3 4 |  4.5
Evocations     | 2 3 4 |  4.4
Invocations    | 1 5 9 10 | 10.9
Stealth        | 1 2 |  2.1

Action                   |  1- 3 |  4- 6 |  7- 9 | 10-12 | 13-15 || total
-------------------------+-------+-------+-------+-------+-------++-------
Melee: Flail             |    83 |   130 |    12 |   109 |   129 ||   463
       Headbutt          |    14 |    26 |    47 |   155 |    39 ||   281
       Whip              |       |       |   257 |   620 |       ||   877
Invok: Minor Destruction |       |       |    13 |   109 |     5 ||   127
       Major Destruction |       |       |       |     1 |     2 ||     3
       Lesser Servant of |       |       |       |     1 |     1 ||     2
       Greater Servant o |       |       |       |       |     1 ||     1
Evoke: Wand              |       |    17 |    22 |    34 |     1 ||    74
       Lightning rod     |       |       |       |     1 |       ||     1
  Use: Scroll            |     2 |     4 |    17 |     5 |       ||    28
       Potion            |       |     1 |       |     5 |     5 ||    11
 Stab: Invisible         |       |       |       |     1 |       ||     1
       Paralysed         |       |       |       |     4 |     3 ||     7
       Distracted        |       |       |       |     1 |     1 ||     2
  Eat: Chunk             |       |     5 |    10 |    12 |     3 ||    30
       Ration            |       |       |     1 |     1 |       ||     2
Armor: Scale mail        |    34 |    29 |    33 |     4 |       ||   100
       Plate armour      |       |       |       |   155 |    49 ||   204
       Fire dragon scale |       |       |       |    16 |       ||    16
Dodge: Dodged            |    19 |    21 |    36 |    78 |    19 ||   173
Block: Kite shield       |    47 |    12 |       |       |       ||    59
       Tower shield      |       |   114 |   196 |   591 |   124 ||  1025
